 Dungeon Crawl Stone Soup version 0.29.0-4-gdea44cf6ec (webtiles) character file.

Game seed: 2968921101944240154

299 qw the Chopper (level 6, -7/47 HPs)
             Began as a Formicid Cinder Acolyte on Sept 3, 2022.
             Was a High Priest of Ignis.
             Killed by divine providence
             ... invoked by an orc priest
              (14 damage)
             ... on level 3 of the Dungeon.
             The game lasted 00:01:13 (2501 turns).

qw the Chopper (Formicid Cinder Acolyte)            Turns: 2501, Time: 00:01:14

Health: -7/47      AC: 13    Str: 20    XL:     6   Next: 63%
Magic:  0/7        EV:  9    Int: 14    God:    Ignis [*****.]
Gold:   69         SH:  0    Dex:  9    Spells: 7/7 levels left

rFire   + . .      SeeInvis +   Y - +0 hand axe (flame)
rCold   . . .      Faith    .   (no shield)
rNeg    . . .      Spirit   +   i - +0 scale mail
rPois   .          Reflect  .   (helmet unavailable)
rElec   .          Harm     .   (no cloak)
rCorr   .          Rampage  .   (no gloves)
Will    .....                   (no boots)
Stlth   ..........              a - amulet of guardian spirit
HPRegen 0.15/turn               (no ring)
MPRegen 0.10/turn               (no ring)

@: fiery-armoured
A: permanent stasis, dig shafts and tunnels, antennae 3, four strong arms
a: Dig, Shaft Self, Renounce Religion, Fiery Armour, Foxfire Swarm, Rising Flame


You were on level 3 of the Dungeon.
You worshipped Ignis.
Ignis was extremely pleased with you.
You visited 1 branch of the dungeon, and saw 3 of its levels.

You collected 69 gold pieces.


Innate Abilities, Weirdness & Mutations

You cannot be hasted, slowed, berserked, paralysed or teleported.
You can dig through walls and to a lower floor.
You have a pair of large antennae on your head. (SInv)
Your four strong arms can wield two-handed weapons with a shield.


   Skills:
 + Level 3.3 Fighting
 - Level 6.6 Axes
 - Level 1.0 Armour
 - Level 1.0 Dodging
 - Level 1.1 Spellcasting
 - Level 3.0 Fire Magic


You had 7 spell levels left.
You didn't know any spells.
Your spell library contained the following spells:

 Spells                   Type           Power      Damage    Failure   Level
 Scorch                   Fire           18%        2d6       34%         2

Inventory:

Hand Weapons
 Y - a +0 hand axe of flaming (weapon)
Armour
 b - a +0 chain mail
 i - a +0 scale mail (worn)
Jewellery
 a - an amulet of guardian spirit (around neck)
Potions
 c - a potion of curing {unknown}
 d - a potion of haste
 e - a potion of attraction {unknown}
 f - a potion of ambrosia {unknown}
 j - a potion of brilliance {unknown}

Dungeon Overview and Level Annotations

Branches:
Dungeon (3/15)

Altars:

Shops:
D:2 :


Message History

The orc is burned by your cloak of flames.
You kill the orc!
The orc hits you but does no damage. x2
The orc is burned by your cloak of flames.
You kill the orc!
The orc hits you but does no damage.
The orc is burned by your cloak of flames.
You kill the orc!
Grinder zaps a wand.
The puff of flame misses you.
You have reached level 5!
You hit Grinder. You burn Grinder.
Grinder is severely wounded.
You hit the orc but do no damage. You hit the orc. You burn the orc.
The orc hits you but does no damage. Grinder gestures at you.
Your stasis prevents you from being paralysed.
The orc hits you with a +0 club.
The orc is burned by your cloak of flames.
You kill the orc!
You hit Grinder. You burn Grinder.
Grinder is almost dead.
You hit the orc but do no damage. Grinder gestures at you.
Your stasis prevents you from being paralysed.
The orc hits you but does no damage.
You hit Grinder. You burn Grinder.
You kill Grinder!
You hit the orc. You burn the orc.
The orc priest calls down the wrath of Beogh upon you.
Beogh smites you! The orc hits you with a +0 flail!
Your Axes skill gained 2 levels and is now at level 6!
You have reached level 6!
You hit the orc but do no damage.
The orc is severely wounded.
The orc hits you with a +0 flail.
The orc is burned by your cloak of flames.
You kill the orc!
The orc priest calls down the wrath of Beogh upon you.
Beogh smites you!
You die...

###......# #.......#
#....... #.......# .#
#......# #.......#..#
#....... #.8...8.#..#
#...#... .#.......#..###
#...#... ..............#
#...#... #####...o.......
#...#... .......)@)......
...[#...
.......).)...............
..........####.....#.....
#####....# #.....#.....
##....# #.....###...
#.....####)....+.[###
####....#...#.....#.....
........#...#.....#...##
.........#...............


You could see an orc priest.

Vanquished Creatures
  Grinder (D:3)
  Robin (D:2)
  2 adders
  7 orcs
  A ball python (D:1)
  3 bats
  5 endoplasms
  3 giant cockroaches
  10 goblins (D:2)
  9 hobgoblins
  4 jackals
  2 kobolds
  2 quokkas
  A frilled lizard (D:2)
  5 rats
56 creatures vanquished.

Notes
Turn   | Place    | Note
-------+----------+-------------------------------------------
     0 | D:1      | qw the Formicid Cinder Acolyte began the quest for the Orb.
     0 | D:1      | Reached XP level 1. HP: 18/18 MP: 2/2
     0 | D:1      | 0 ||| qw: Version: 0.1-a-102-g441f92d
     0 | D:1      | 0 ||| qw: Game counter: 5102
     0 | D:1      | 0 ||| qw: Always use a shield: true
     0 | D:1      | 0 ||| qw: God list: Okawaru
     0 | D:1      | 0 ||| qw: Allow faded altars: false
     0 | D:1      | 0 ||| qw: Do Orc after D:15 true
     0 | D:1      | 0 ||| qw: Do second Lair branch before Depths: true
     0 | D:1      | 0 ||| qw: Lair rune preference: random
     0 | D:1      | 0 ||| qw: Plans: Normal
     0 | D:1      | 0 ||| PLANNING D:1-11
    94 | D:1      | Reached XP level 2. HP: 23/24 MP: 3/3
   545 | D:1      | Found a faded altar of an unknown god.
   706 | D:1      | 706 ||| READING scroll labelled MUIHEE REYRI.
   707 | D:1      | 707 ||| READING scroll labelled CEONIXKAGO.
   707 | D:1      | Identified a scroll of acquirement
   707 | D:1      | 707 ||| ACQUIRING amulet of guardian spirit
   707 | D:1      | Acquired an amulet of guardian spirit
   709 | D:1      | 709 ||| UPGRADING to amulet of guardian spirit.
   805 | D:2      | Reached skill level 4 in Axes
   805 | D:2      | Reached XP level 3. HP: 26/29 MP: 2/4
   805 | D:2      | 805 ||| FLEEEEING.
   806 | D:2      | 806 ||| FLEEEEING.
   807 | D:2      | 807 ||| FLEEEEING.
   808 | D:2      | 808 ||| FLEEEEING.
   809 | D:2      | 809 ||| FLEEEEING.
   850 | D:2      | 850 ||| Stepping ~*~*~tactically~*~*~ (stealth).
  1053 | D:2      | Found Kudwos's Book Shop.
  1319 | D:2      | 1319 ||| Stepping ~*~*~tactically~*~*~ (stealth).
  1325 | D:2      | Reached skill level 1 in Dodging
  1328 | D:2      | Noticed Robin
  1333 | D:2      | 1333 ||| Stepping ~*~*~tactically~*~*~ (stealth).
  1337 | D:2      | 1337 ||| INVOKING Fiery Armour.
  1346 | D:2      | Killed Robin
  1385 | D:2      | Reached XP level 4. HP: 19/35 MP: 5/5
  1997 | D:2      | 1997 ||| UPGRADING to +0 leather armour.
  2007 | D:2      | 2007 ||| DROPPING +0 robe.
  2008 | D:2      | 2008 ||| UPGRADING to +0 scale mail.
  2018 | D:2      | 2018 ||| DROPPING +0 leather armour.
  2019 | D:2      | 2019 ||| READING scroll labelled LISMEVIU GARU.
  2020 | D:2      | 2020 ||| READING scroll labelled DOACIME FEOMENG.
  2021 | D:2      | 2021 ||| READING scroll labelled ZESIHE VATU.
  2022 | D:2      | 2022 ||| READING scroll labelled REIDUO GADE.
  2023 | D:2      | 2023 ||| DRINKING 2 golden potions.
  2024 | D:2      | 2024 ||| Stepping randomly (stuck).
  2025 | D:2      | 2025 ||| Stepping ~*~*~tactically~*~*~ (cloud).
  2199 | D:3      | 2199 ||| Stepping ~*~*~tactically~*~*~ (stealth).
  2220 | D:3      | 2220 ||| Stepping ~*~*~tactically~*~*~ (stealth).
  2271 | D:3      | 2271 ||| Stepping ~*~*~tactically~*~*~ (stealth).
  2284 | D:3      | Reached skill level 1 in Armour
  2483 | D:3      | Noticed Grinder
  2489 | D:3      | 2489 ||| INVOKING Fiery Armour.
  2497 | D:3      | Reached XP level 5. HP: 23/41 MP: 1/6
  2499 | D:3      | Killed Grinder
  2499 | D:3      | HP: 9/41 [orc/+0 flail (6)]
  2500 | D:3      | Reached skill level 6 in Axes
  2500 | D:3      | Reached XP level 6. HP: 10/47 MP: 0/7
  2501 | D:3      | Killed from afar by an orc priest

Levels and vault maps discovered:
D:1:      nicolae_arrival_somewhat_less_tricky_arrival, layout_rooms,
          chequers_ecumenical_altar_island, st_stairs_12
D:2:      layout_loops_cross, serial_shops, nicolae_shop_behind_doors,
          chequers_serial_rivers_small_a, grunt_decor_resistance, uniq_robin
D:3:      cheibrodos_pilgrimage, layout_basic, grunt_temple_overflow_diamond,
          kennysheep_generic_room_16, uniq_grinder

Skill      XL: |  1  2  3  4  5 |
---------------+----------------+-----
Axes           | 4 6 |  6.6
Dodging        | 1 |  1.0
Armour         | 1 |  1.0
Fighting       | |  3.3
Spellcasting   | |  1.1
Fire Magic     | |  3.0

Action                   |  1- 3 |  4- 6 || total
-------------------------+-------+-------++-------
Melee: Hand axe          |    86 |    72 ||   158
Invok: Fiery Armour      |     1 |     1 ||     2
  Use: Scroll            |     2 |     4 ||     6
       Potion            |       |     1 ||     1
Armor: Robe              |    14 |     5 ||    19
       Scale mail        |       |    26 ||    26
Dodge: Dodged            |    32 |    42 ||    74

Table legend:
 A = Non-vault XP
 B = Vault XP
 C = Vault XP percentage of total XP
 D = Non-vault monster count
 E = Vault monster count
 F = Vault count percentage of total count
                 A         B        C        D         E       F
            +---------+---------+-------+---------+---------+-------
      Total |      90 |     338 |  79.0 |      36 |      20 |  35.7
            +---------+---------+-------+---------+---------+-------
        D:1 |      17 |       2 |  10.5 |      10 |       1 |   9.1
        D:2 |      47 |      37 |  44.0 |      18 |      12 |  40.0
        D:3 |      26 |     299 |  92.0 |       8 |       7 |  46.7
            +---------+---------+-------+---------+---------+-------
